 Dungeon Crawl Stone Soup version 0.29.1-15-g9cfb28693d (webtiles) character file.

Game seed: 8065190931943512005

106 Heoruswealwe the Magician (level 4, -5/24 HPs)
             Began as a Deep Elf Earth Elementalist on Apr 25, 2023.
             Slain by a hobgoblin
             ... wielding a +0 scythe
              (10 damage)
             ... on level 4 of the Dungeon.
             The game lasted 00:26:01 (2117 turns).

Heoruswealwe the Magician (DEEE)                    Turns: 2117, Time: 00:26:02

Health: -5/24      AC:  3    Str:  5    XL:     4   Next: 55%
Magic:  11/13      EV: 12    Int: 28    God:
Gold:   186        SH:  0    Dex: 15    Spells: 3/13 levels left

rFire   . . .      SeeInvis .   b - +2 short sword (drain)
rCold   . . .      Faith    .   (no shield)
rNeg    . . .      Spirit   .   c - +0 robe
rPois   .          Reflect  .   (no helmet)
rElec   .          Harm     .   h - +0 cloak
rCorr   .          Rampage  .   (no gloves)
Will    .....                   (no boots)
Stlth   ++........              (no amulet)
HPRegen 0.08/turn               k - +6 ring of intelligence
MPRegen 0.13/turn               (no ring)

@: no status effects
A: no striking features
a: no special abilities


You were on level 4 of the Dungeon.
You visited 1 branch of the dungeon, and saw 4 of its levels.

You collected 186 gold pieces.

Inventory:

Hand Weapons
 b - a +2 short sword of draining (weapon)
Armour
 c - a +0 robe (worn)
 h - a +0 cloak (worn)
Jewellery
 k - a +6 ring of intelligence (left hand)
Scrolls
 e - 3 scrolls of teleportation
 f - a scroll of enchant weapon
 i - a scroll of magic mapping
 j - a scroll of brand weapon
 m - a scroll of amnesia {unknown}
Potions
 a - a potion of curing
 d - a potion of magic
 g - a potion of lignification {unknown}
 l - a potion of flight {unknown}


   Skills:
 - Level 2.4 Dodging
 - Level 2.4 Stealth
 + Level 5.1 Spellcasting
 - Level 1.1 Transmutations
 + Level 4.8 Earth Magic


You had 3 spell levels left.
You knew the following spells:

 Your Spells              Type           Power      Damage    Failure   Level
a - Sandblast             Erth           68%        2d15      1%          1
b - Stone Arrow           Conj/Erth      40%        3d9       8%          3
c - Petrify               Tmut/Erth      23%        N/A       21%         4
z - Passwall              Tmut/Erth      19%        N/A       3%          2

Your spell library contained the following spells:

 Spells                   Type           Power      Damage    Failure   Level


Dungeon Overview and Level Annotations

Branches:
Dungeon (4/15)
 Temple: D:4-7

Altars:
Uskayaw


Message History

Search for what [Enter for "."]? .
You already know all available spells.
There is a stone staircase leading down here.
You climb downwards.
Found a scroll of butterflies and a club.
Found two stone staircases leading down.
There is a stone staircase leading up here.
You see here a +0 club.
Found a ring mail.
A kobold comes into view. It is wielding a +0 short sword.
The kobold shouts!
The blast of sand hits the kobold.
You kill the kobold!
Things that are here:
a +0 short sword; a kobold corpse Welcome back, Heoruswealwe the Deep Elf Earth Elementalist.
Press ? for a list of commands and other information.
You see here a +0 ring mail.
You see here a +0 ring mail.
You open the door. 2 hobgoblins and an orc come into view.
The hobgoblin shouts!
The orc shouts!
The orc misses you.
The blast of sand hits the orc.
The orc is lightly wounded.
The hobgoblin closely misses you. The orc barely misses you.
The hobgoblin barely misses you.
The hobgoblin hits you from afar with a +0 scythe!
The orc hits you from afar with a +0 scythe.
The blast of sand hits the orc!
You kill the orc!
The hobgoblin hits you from afar with a +0 scythe!
The hobgoblin closely misses you.
You are too injured to fight recklessly!
You feel better.
The hobgoblin hits you from afar with a +0 scythe!
Ouch! That really hurt!
* * * LOW HITPOINT WARNING * * *
The hobgoblin hits you from afar with a +0 scythe!
You die...

#.>............ ...........
#)............###..........
##...........................
#.......#######.............
#...............##..........
#.......#########...........
#......## ###...............
########.g#...).............
#.g'@..............#
#.)#.#.......[.....# ##
#.........#.....#
###.......####### #.......#
#########


You could see 2 hobgoblins.

Vanquished Creatures
  4 gnolls (D:2)
  2 worms (D:3)
  2 dart slugs
  An orc (D:4)
  2 endoplasms
  4 giant cockroaches
  3 hobgoblins (D:1)
  6 jackals
  2 quokkas
  3 ball pythons
  3 bats
  4 frilled lizards
  8 goblins
  6 kobolds
  9 rats
59 creatures vanquished.

Vanquished Creatures (others)
  14 plants (D:1)
14 creatures vanquished.

Grand Total: 73 creatures vanquished

Notes
Turn   | Place    | Note
-------+----------+-------------------------------------------
     0 | D:1      | Heoruswealwe the Deep Elf Earth Elementalist began the
                  | quest for the Orb.
     0 | D:1      | Reached XP level 1. HP: 10/10 MP: 6/6
   180 | D:1      | Reached XP level 2. HP: 15/15 MP: 1/8
   183 | D:1      | Learned a level 2 spell: Passwall
   271 | D:1      | Noticed a floating eye
   273 | D:1      | Found a faded altar of an unknown god.
   276 | D:1      | Noticed a floating eye
   276 | D:1      | Noticed a great orb of eyes
   276 | D:1      | Noticed a golden eye
   312 | D:1      | Prayed at the altar of an unknown god.
   312 | D:1      | Became a worshipper of Uskayaw the Reveller
   312 | D:1      | Reached * piety under Uskayaw
   313 | D:1      | Fell from the grace of Uskayaw
   674 | D:1      | Reached skill level 4 in Spellcasting
   825 | D:2      | Reached XP level 3. HP: 19/19 MP: 8/10
   829 | D:2      | Learned a level 3 spell: Stone Arrow
  1110 | D:2      | Reached XP level 4. HP: 17/24 MP: 4/12
  1116 | D:2      | Learned a level 4 spell: Petrify
  1679 | D:3      | Reached skill level 5 in Spellcasting
  2117 | D:4      | Slain by a hobgoblin

Illustrated notes

Levels and vault maps discovered:
D:1:      psy_arrival_fountain, layout_basic,
          hellmonk_ecumenical_altar_watching_god, serial_bayou_pond_b
D:2:      layout_basic, serial_glass, glass_columns_a, glass_columns_b
D:3:      layout_rooms, chequers_garden
D:4:      layout_rooms, sigmund_army

Skill      XL: |  1  2  3  4 |
---------------+-------------+-----
Spellcasting   | 4 5 |  5.1
Earth Magic    | 4 |  4.8
Dodging        | |  2.4
Stealth        | |  2.4
Transmutations | |  1.1

Action                   |  1- 3 |  4- 6 || total
-------------------------+-------+-------++-------
Melee: Unarmed           |    29 |       ||    29
       Punch             |     1 |       ||     1
       Short sword       |    28 |       ||    28
 Cast: Sandblast         |    45 |    29 ||    74
       Passwall          |     1 |       ||     1
Invok: Renounce Religion |     1 |       ||     1
  Use: Scroll            |     1 |     5 ||     6
       Potion            |       |     1 ||     1
Armor: Robe              |     3 |     1 ||     4
Dodge: Dodged            |     3 |     9 ||    12
